Map: Rainfall LE

Players

Jumy (ForJumy)

  • Race: Protoss Protoss
  • League: Master
  • Spawn Location: 5:00

Shino - Winner!

  • Race: Zerg Zerg
  • League: Grandmaster
  • Spawn Location: 11:00

Event: HomeStory Cup XXIX

VOD

Have the link to the VOD?

Description

Time

  • Played on: July 3, 2026, 8:05 a.m.
  • Length: 15:00

All games in this series

Show
View Real Time Build Order
Export as new Build Order

Jumy Protoss 

Build Orders: Archon Immortal, Dark Templar Rush 

Get SALT Encoding   

  8  0:00  Probe  
  9  0:12  Probe (Chrono Boost)  
  11  0:21  Probe (Chrono Boost)  
  11  0:26  Probe (Chrono Boost)  
  11  0:35  Pylon  
  12  0:39  Probe  
  13  0:53  Probe  
  13  0:56  Gateway  
  14  1:05  Probe  
  14  1:08  Assimilator  
  15  1:17  Probe  
  16  1:29  Probe  
  17  1:41  Probe  
  18  1:50  Nexus  
  18  2:01  Cybernetics Core  
  18  2:04  Probe  
  19  2:10  Assimilator  
  19  2:16  Probe  
  20  2:23  Pylon  
  20  2:28  Probe  
  21  2:38  Adept (Chrono Boost)  
  21  2:41  Probe  
  21  2:43  Warp Gate  
  24  2:53  Probe  
  24  2:57  Twilight Council  
  25  3:00  Adept (Chrono Boost)  
  25  3:03  Probe  
  28  3:08  Probe  
  29  3:15  Probe (Chrono Boost)  
  30  3:20  Pylon  
  30  3:25  Probe (Chrono Boost)  
  32  3:27  Probe (Chrono Boost)  
  32  3:32  Stalker  
  35  3:34  Probe (Chrono Boost)  
  35  3:37  Probe  
  36  3:45  Dark Shrine  
  36  3:46  Probe  
  37  3:49  Probe  
  38  3:58  Probe  
  38  4:01  Probe  
  40  4:07  Gateway  
  38  4:10  Adept (Chrono Boost)  
  38  4:12  Probe, Shield Battery  
  39  4:18  Gateway  
  39  4:20  Probe  
  40  4:26  Pylon  
  40  4:28  Probe  
  41  4:35  Gateway  
  41  4:40  Assimilator  
  41  4:42  Assimilator, Probe  
  42  4:46  Pylon  
  42  4:48  Probe  
  43  4:58  Shadow Stride (Chrono Boost)  
  43  4:59  Probe  
  44  5:04  Dark Templar x2  
  44  5:06  Probe  
  49  5:08  Pylon  
  49  5:15  Probe  
  49  5:17  Pylon  
  50  5:23  Probe  
  50  5:26  Dark Templar  
  53  5:28  Probe  
  53  5:34  Dark Templar  
  56  5:39  Pylon  
  56  5:40  Probe  
  56  5:42  Dark Templar  
  59  5:45  Probe  
  59  5:49  Dark Templar  
  62  5:52  Probe  
  63  6:03  Probe  
  64  6:08  Dark Templar  
  65  6:15  Dark Templar  
  65  6:17  Probe x2  
  68  6:18  Pylon  
  68  6:25  Dark Templar  
  70  6:36  Nexus  
  70  6:41  Robotics Facility  
  70  6:42  Pylon  
  70  6:44  Zealot x2  
  62  6:59  Gateway  
  62  7:00  Forge  
  62  7:01  Gateway  
  62  7:14  Stalker x4  
  70  7:15  Probe  
  70  7:16  Pylon  
  70  7:17  Gateway  
  70  7:22  Probe  
  65  7:30  Probe  
  65  7:31  Immortal (Chrono Boost)  
  70  7:40  Sentry x2  
  70  7:41  Sentry, Protoss Ground Weapons Level 1  
  76  7:45  Pylon  
  76  8:00  Immortal (Chrono Boost)  
  76  8:05  Adept x2  
  82  8:07  Zealot, Dark Templar  
  82  8:09  Shield Battery  
  88  8:13  Archon  
  88  8:14  Charge (Chrono Boost)  
  88  8:16  Zealot x2  
  93  8:20  Probe  
  93  8:21  Probe  
  93  8:22  Probe  
  95  8:31  Immortal (Chrono Boost)  
  97  8:34  Probe (Chrono Boost)  
  97  8:35  Probe (Chrono Boost)  
  97  8:36  Pylon  
  97  8:37  Probe (Chrono Boost)  
  102  8:45  Zealot, Probe (Chrono Boost)  
  102  8:48  Probe x2 (Chrono Boost)  
  107  8:49  Pylon  
  107  8:50  Probe (Chrono Boost)  
  107  8:56  Probe  
  107  8:57  Probe  
  107  9:00  Zealot x3  
  115  9:03  Observer (Chrono Boost), Pylon  
  116  9:11  Pylon  
  116  9:14  Dark Templar x2  
  120  9:17  Immortal (Chrono Boost)  
  120  9:19  Assimilator  
  120  9:20  Archon, Assimilator  
  124  9:25  Pylon  
  124  9:27  Probe x2  
  124  9:30  Photon Cannon  
  126  9:33  Probe  
  127  9:38  Sentry x2  
  127  9:44  Zealot x3  
  137  9:46  Warp Prism (Chrono Boost)  
  137  9:49  Zealot  
  137  9:50  Zealot  
  143  9:56  Probe, Protoss Ground Weapons Level 2  
  144  10:02  Pylon  
  144  10:05  Zealot x2  
  144  10:06  Probe  
  149  10:10  Robotics Bay  
  141  10:15  Zealot x4  
  147  10:22  Probe  
  147  10:25  Robotics Facility  
  147  10:26  Robotics Facility  
  137  10:29  Probe  
  137  10:31  Probe  
  132  10:35  Zealot x3  
  132  10:41  Probe  
  132  10:42  Probe  
  131  10:53  Zealot x2  
  117  11:06  Zealot x5  
  115  11:12  Colossus (Chrono Boost)  
  115  11:16  Colossus (Chrono Boost)  
  119  11:23  Extended Thermal Lance  
  125  11:27  Sentry x2  
  129  11:33  Probe  
  129  11:36  Probe  
  129  11:38  Pylon x2  
  131  11:40  Zealot  
  131  11:44  Blink  
  124  11:54  Dark Templar x4  
  117  12:14  Nexus  
  108  12:23  Probe  
  108  12:29  Colossus x2 (Chrono Boost)  
  113  12:34  Probe (Chrono Boost)  
  113  12:35  Probe (Chrono Boost)  
  107  12:46  Probe (Chrono Boost)  
  107  12:47  Probe (Chrono Boost)  
  107  12:51  Probe x2 (Chrono Boost)  
  110  13:01  Probe  
  110  13:02  Probe  
  112  13:07  Dark Templar  
  112  13:12  Archon  
  112  13:20  Disruptor x2 (Chrono Boost)  
  112  13:24  Zealot  
  114  13:32  Stalker  
  116  13:38  Probe  
  116  13:48  Observer  
  116  13:50  Probe  
  116  13:51  Dark Templar x2  
  88  14:06  Probe  
  60  14:19  Zealot x2  
  60  14:20  Probe  
  60  14:23  Pylon  
  57  14:26  Probe  
  55  14:32  Probe (Chrono Boost)  
  56  14:38  Probe (Chrono Boost)  
  56  14:44  Probe (Chrono Boost)  
  55  14:50  Probe (Chrono Boost)  
Show
View Real Time Build Order
Export as new Build Order

Shino Zerg - Winner!

Build Orders: Hatch First 

Get SALT Encoding   

  8  0:00  Drone  
  9  0:11  Drone  
  10  0:16  Drone  
  11  0:27  Overlord  
  11  0:33  Drone  
  12  0:46  Drone x2  
  14  0:52  Drone  
  15  1:06  Drone  
  16  1:15  Hatchery  
  15  1:22  Drone  
  15  1:23  Drone  
  17  1:30  Drone  
  18  1:38  Extractor  
  17  1:43  Spawning Pool  
  17  1:47  Drone  
  17  1:50  Drone  
  18  2:01  Drone  
  19  2:11  Drone  
  20  2:23  Overlord  
  20  2:29  Queen x2  
  24  2:41  Drone  
  24  2:42  Drone  
  24  2:43  Drone, Metabolic Boost  
  27  2:46  Zergling x2  
  27  2:48  Zergling x2  
  29  2:55  Zergling x2  
  30  3:06  Hatchery  
  30  3:09  Zergling x2  
  30  3:12  Zergling x2  
  31  3:15  Overlord  
  31  3:19  Zergling x2  
  32  3:27  Overlord  
  32  3:36  Drone  
  32  3:37  Drone x2  
  32  3:38  Drone  
  32  3:40  Queen  
  38  3:45  Drone x2  
  40  3:52  Drone x2  
  40  3:53  Drone  
  43  3:57  Evolution Chamber  
  43  4:00  Drone  
  44  4:03  Drone x2  
  45  4:10  Drone, Spore Crawler  
  45  4:12  Drone  
  45  4:14  Overlord  
  46  4:20  Spore Crawler  
  44  4:27  Drone x6  
  44  4:29  Drone  
  51  4:35  Roach Warren  
  50  4:45  Extractor  
  50  4:46  Spore Crawler, Drone  
  50  4:47  Drone x2  
  51  4:54  Overlord  
  51  4:55  Drone x3  
  54  5:00  Zergling x10  
  54  5:05  Overlord  
  59  5:12  Queen  
  61  5:21  Overlord  
  61  5:25  Drone  
  61  5:26  Roach x6  
  74  5:33  Drone  
  74  5:34  Overlord  
  75  5:35  Overlord  
  75  5:45  Roach  
  75  5:46  Roach  
  75  5:47  Roach  
  81  5:51  Overlord  
  81  5:54  Roach x3, Extractor  
  86  5:59  Roach  
  86  6:03  Drone  
  89  6:07  Queen  
  89  6:10  Overlord  
  89  6:11  Drone x6  
  94  6:17  Lair  
  99  6:23  Overlord  
  99  6:28  Spore Crawler  
  96  6:34  Extractor  
  96  6:35  Extractor  
  96  6:37  Overlord  
  96  6:39  Roach  
  104  6:40  Roach x5  
  104  6:47  Overlord, Roach  
  101  7:03  Overlord  
  99  7:11  Hatchery  
  99  7:14  Roach  
  98  7:16  Roach x6  
  98  7:21  Overseer  
  110  7:22  Overseer  
  110  7:28  Roach x4  
  114  7:39  Roach x4  
  122  7:44  Glial Reconstitution  
  122  7:47  Drone x2  
  122  7:48  Drone x2  
  126  7:56  Overlord  
  126  7:57  Drone  
  127  7:59  Drone  
  127  8:00  Evolution Chamber  
  127  8:07  Drone x3  
  127  8:09  Drone  
  127  8:12  Hydralisk Den  
  130  8:13  Drone  
  131  8:24  Drone x3  
  134  8:30  Zerg Missile Weapons Level 1  
  134  8:33  Drone  
  134  8:34  Drone x3  
  138  8:40  Hatchery  
  137  8:41  Grooved Spines  
  137  8:42  Drone x3  
  137  8:43  Drone  
  140  8:53  Overlord  
  140  8:54  Roach x3  
  146  8:58  Overlord x2  
  146  9:09  Overlord x2  
  146  9:15  Pneumatized Carapace  
  146  9:16  Extractor  
  146  9:17  Drone x3, Hydralisk x5  
  158  9:27  Hydralisk x4  
  158  9:29  Hydralisk  
  168  9:42  Overlord  
  168  9:43  Overlord  
  168  9:45  Hydralisk x5  
  178  9:49  Ravager x2  
  178  9:50  Ravager  
  178  9:51  Hydralisk x2  
  185  9:58  Hydralisk x2  
  185  9:59  Overlord  
  188  10:00  Overlord  
  188  10:03  Overseer  
  187  10:16  Roach x6  
  199  10:27  Overlord  
  181  10:43  Hydralisk  
  181  10:44  Hydralisk x9  
  191  10:56  Overseer, Hatchery  
  186  11:00  Hydralisk x4, Spawning Pool  
  178  11:12  Drone x2  
  178  11:13  Zerg Missile Weapons Level 2  
  178  11:15  Drone  
  178  11:16  Drone, Hydralisk x2  
  178  11:17  Hydralisk  
  188  11:33  Hydralisk x6  
  200  11:53  Roach x3  
  181  12:04  Muscular Augments  
  167  12:09  Roach x12  
  183  12:16  Roach  
  183  12:17  Roach x4  
  187  12:23  Overseer x2  
  185  12:33  Hydralisk x8  
  176  12:52  Zergling x16  
  176  12:57  Hydralisk x2  
  188  13:06  Hydralisk x2  
  192  13:13  Hatchery  
  192  13:15  Zergling x12  
  197  13:27  Hydralisk  
  197  13:36  Infestation Pit  
  196  13:54  Hydralisk x8  
  196  13:55  Hydralisk  
  174  14:09  Roach x6  
  134  14:28  Drone x7  
  137  14:35  Hydralisk x2  
Tags
 
Add a new tag
Caveats
  • Supply blocks, unpowered buildings, or Contaminate may cause inaccurate times.
  • Supply counts are checked every 10 seconds.